 Dungeon Crawl Stone Soup version 0.23.1 (webtiles) character file.

Game seed: 14107275004357731040

3145 Santreim the Carver (level 9, 0/79 HPs)
             Began as a Black Draconian Abyssal Knight on Mar 2, 2019.
             Was an Elder of Lugonu.
             Slain by a gnoll
             ... wielding a +0 spear
              (10 damage)
             ... on level 8 of the Dungeon.
             The game lasted 00:25:02 (5548 turns).

Santreim the Carver (DrAK)                          Turns: 5548, Time: 00:25:03

Health: 0/79       AC:  9    Str: 18    XL:     9   Next: 62%
Magic:  15/15      EV: 14    Int: 12    God:    Lugonu [****..]
Gold:   360        SH:  0    Dex: 11    Spells: 14/14 levels left

rFire    . . .     SeeInvis .   v - +5 long sword
rCold    . . .     Gourm    .   (no shield)
rNeg     . . .     Faith    .   (armour unavailable)
rPois    .         Spirit   .   (helmet restricted)
rElec    +         Reflect  .   (no cloak)
rCorr    .         Harm     .   (no gloves)
MR       +....                  e - +1 pair of boots
Stlth    ++++......             (no amulet)
HPRegen  0.23/turn              f - ring of protection from magic
MPRegen  0.14/turn              x - ring of stealth

@: very slightly contaminated, hasted, studying Unarmed Combat, very quick
A: breathe lightning, unfitting armour, high mp 1, mutation resistance 1,
electricity resistance, cold-blooded, AC +7
a: Breathe Lightning, Depart the Abyss, Bend Space, Banish, Corrupt, Renounce
Religion


You were on level 8 of the Dungeon.
You worshipped Lugonu.
Lugonu was greatly pleased with you.
You were not hungry.

You visited 1 branch of the dungeon, and saw 8 of its levels.
You visited the Abyss 1 time.

You collected 360 gold pieces.

Inventory:

Hand Weapons
 a - a +1 falchion
 q - a +4 long sword
 v - a +5 long sword (weapon)
Missiles
 m - 4 tomahawks (quivered)
Armour
 e - a +1 pair of boots (worn)
Jewellery
 f - a ring of protection from magic (left hand)
 g - a +5 ring of intelligence
 j - an uncursed amulet of harm
 p - a cursed -2 ring of evasion
 r - an uncursed ring of protection from fire
 x - a ring of stealth (right hand)
Wands
 h - a wand of iceblast (3)
 w - a wand of acid (5)
Scrolls
 d - 7 scrolls of remove curse
 i - 4 scrolls of identify
 k - a scroll of fear
 o - 2 scrolls of fog
 s - 2 scrolls of magic mapping
 t - a scroll of enchant armour
Potions
 c - 4 potions of brilliance
Books
 l - a manual of Unarmed Combat
Comestibles
 b - 11 rations


   Skills:
 + Level 7.4 Fighting
 + Level 8.9 Long Blades
 + Level 3.1 Throwing
 + Level 5.6 Dodging
 + Level 4.9 Stealth
 + Level 3.3 Unarmed Combat
 + Level 3.2 Spellcasting
 + Level 4.4 Invocations


You had 14 spell levels left.
You didn't know any spells.
Your spell library was empty.

Dungeon Overview and Level Annotations

Branches:
Dungeon (8/15)             Temple (0/1) D:7
   Lair: D:8-11

Altars:
Okawaru
Xom

Shops:
D:4 [


Innate Abilities, Weirdness & Mutations

You can breathe wild blasts of lightning.
Your glossy black scales are hard. (AC +7)
You cannot fit into any form of body armour.
You are resistant to electric shocks. (rElec)
You are cold-blooded and may be slowed by cold attacks.
You have an increased reservoir of magic. (+10% MP)
You are somewhat resistant to further mutation.


Message History

The gnoll is severely wounded.
The gnoll hits you with a +0 spear.
* * * LOW HITPOINT WARNING * * *
The gnoll hits you with a +0 spear.
* * * LOW HITPOINT WARNING * * *
The gnoll closely misses you.
You riposte.
You hit the gnoll.
You tail-slap the gnoll, but do no damage.
The gnoll is almost dead.
You feel yourself speed up. The gnoll closely misses you.
The gnoll hits you with a +0 spear.
* * * LOW HITPOINT WARNING * * *
The gnoll closely misses you.
You slash the gnoll!
You kill the gnoll!
Lugonu accepts your kill.
There are monsters nearby!
You slash the gnoll!
The gnoll is severely wounded.
The gnoll hits you with a +0 spear!
You die...

#..........# #.##.#
#..........#
#.##.####
#.######..........#
#.##.....
..............#####
#.#######
#######.#####+######
#.# #............#
#.# #............#
#.#######
...........†..(..#
#........
#####.######@#####
#..######
########gg# #..#
.........# #..#
..........# #..# ###
..........# #..# #..
..........# #..# #.#
..........# #..# #.#
..........#
#..####.#
.......^...
#...).#.#


You could see 2 gnolls.

Vanquished Creatures
  3 hippogriffs
  A spriggan (D:7)
  2 sky beasts
  2 orc warriors
  A phantom (D:3)
  A black bear (D:7)
  2 necrophages (D:7)
  2 ogres
  An ice beast (D:7)
  2 centaurs
  A crocodile (D:8)
  3 bullfrogs
  A wyvern zombie (D:7)
  A scorpion (D:7)
  3 wights (D:7)
  A vampire bat (D:3)
  A quasit (D:7)
  A centaur zombie (D:7)
  A crimson imp (D:3)
  A hound (D:7)
  A jelly (D:5)
  A bullfrog skeleton (D:5)
  2 iguanas (D:5)
  An orc wizard (D:6)
  6 worker ants
  A killer bee zombie (D:6)
  A hound skeleton (D:6)
  A worker ant zombie (D:7)
  8 adders
  2 gnolls (D:8)
  2 shadow imps (D:7)
  An ooze (D:2)
  An adder skeleton (D:7)
  2 worms
  3 fire bats (D:3)
  6 leopard geckos
  18 orcs
  2 spectral bats (D:3)
  2 ball pythons
  3 bat skeletons (D:3)
  A bat zombie (D:3)
  4 giant cockroaches
  8 hobgoblins
  15 jackals
  4 quokkas
  16 bats
  A bat simulacrum (D:3)
  3 frilled lizards
  A giant cockroach zombie (D:6)
  3 goblins
  4 kobolds
  A quokka zombie (D:6)
  12 rats
168 creatures vanquished.

Notes
Turn   | Place    | Note
-------+----------+-------------------------------------------
     0 | Abyss:1  | Santreim the Draconian Abyssal Knight began the quest for
                  | the Orb.
     0 | Abyss:1  | Reached XP level 1. HP: 19/19 MP: 2/2
    32 | Abyss:1  | Noticed a raiju
    40 | D:1      | Escaped the Abyss
   240 | D:1      | Reached XP level 2. HP: 26/26 MP: 3/3
   321 | D:1      | Reached * piety under Lugonu
   783 | D:2      | Reached XP level 3. HP: 17/33 MP: 4/4
  1090 | D:2      | Gained mutation: You are somewhat resistant to further
                  | mutation. [potion of mutation]
  1090 | D:2      | Gained mutation: You have an increased reservoir of magic.
                  | (+10% MP) [potion of mutation]
  1091 | D:2      | Reached skill level 5 in Fighting
  1091 | D:2      | Reached skill level 4 in Long Blades
  1091 | D:2      | Reached XP level 4. HP: 39/42 MP: 4/9
  1294 | D:2      | Found a faded altar of an unknown god.
  1404 | D:3      | Reached ** piety under Lugonu
  1404 | D:3      | Reached XP level 5. HP: 23/49 MP: 10/10
  1766 | D:3      | Reached XP level 6. HP: 52/57 MP: 12/12
  1870 | D:3      | Reached skill level 5 in Long Blades
  2238 | D:4      | Found Diwe's Antique Armour Shop.
  2328 | D:4      | Reached *** piety under Lugonu
  2849 | D:5      | Entered Level 5 of the Dungeon
  3037 | D:5      | Your scales start taking on a glossy black colour.
  3037 | D:5      | Reached XP level 7. HP: 50/62 MP: 13/13
  3037 | D:5      | Gained mutation: You are resistant to electric shocks.
                  | (rElec) [Black Draconian growth]
  3264 | D:5      | Reached skill level 6 in Long Blades
  3340 | D:5      | Found a shimmering altar of Xom.
  3802 | D:6      | Reached XP level 8. HP: 12/70 MP: 14/14
  3824 | D:6      | Identified a scroll of acquirement
  3880 | D:6      | Found an iron altar of Okawaru.
  3899 | D:6      | Reached **** piety under Lugonu
  3899 | D:6      | Reached skill level 7 in Long Blades
  4230 | D:7      | Reached skill level 5 in Dodging
  4470 | D:7      | Found a staircase to the Ecumenical Temple.
  4564 | D:7      | Reached skill level 8 in Long Blades
  4605 | D:7      | Reached XP level 9. HP: 33/78 MP: 15/15
  5548 | D:8      | Slain by a gnoll

Skill      XL: |  1  2  3  4  5  6  7  8  9 |
---------------+----------------------------+-----
Fighting       | 5 6 7 |  7.4
Long Blades    | 4 5 6 8 |  8.9
Throwing       | 3 |  3.1
Dodging        | 4 5 |  5.6
Stealth        | 3 4 |  4.9
Unarmed Combat | 3 |  3.3
Spellcasting   | 3 |  3.2
Invocations    | 4 |  4.4

Action                   |  1- 3 |  4- 6 |  7- 9 || total
-------------------------+-------+-------+-------++-------
Melee: Falchion          |    77 |   170 |   236 ||   483
       Tailslap          |     6 |    19 |    55 ||    80
       Punch             |       |     1 |     8 ||     9
       Long sword        |       |       |    94 ||    94
Throw: Tomahawk          |       |       |     2 ||     2
Invok: Depart the Abyss  |     1 |       |       ||     1
 Abil: Breathe Lightning |       |       |     1 ||     1
  Use: Potion            |     4 |     5 |    11 ||    20
       Scroll            |     3 |     2 |    10 ||    15
 Stab: Sleeping          |       |     8 |     8 ||    16
  Eat: Chunk             |     1 |     6 |     2 ||     9
       Ration            |       |       |     2 ||     2
Armor: Skin              |    36 |    81 |   120 ||   237
Dodge: Dodged            |    80 |   180 |   244 ||   504
       Rpst.: Falchion   |    24 |    67 |    48 ||   139
       Long sword        |       |       |    19 ||    19
